 Dungeon Crawl Stone Soup version 0.31.0-12-g77e489cdc1 (webtiles) character file.

Game seed: 13969158763899316560

9513 Gadfly the Martial Artist (level 11, -2/83 HPs)
             Began as a Demonspawn Monk on Feb 25, 2024.
             Was a Priest of Ru.
             Slain by a warg (11 damage)
             ... on level 10 of the Dungeon.
             The game lasted 00:17:23 (11733 turns).

Gadfly the Martial Artist (Demonspawn Monk)        Turns: 11733, Time: 00:17:24

Health: -2/83      AC: 21    Str: 15    XL:     11   Next: 24%
Magic:  9/9        EV: 15    Int: 11    God:    Ru [***...]
Gold:   480        SH:  0    Dex: 14    Spells: 10/10 levels left

rFire   . .          .
                       - Unarmed
rCold   . . .        (no shield)
rNeg    . . .        L - +0 steam dragon scales
rPois   +            (helmet restricted)
rElec   .            (no cloak)
rCorr   .            A - +1 pair of gloves
SInv    .            K - +0 pair of boots
Will    .....        (no amulet)
Stlth   +            i - +4 ring of protection
HPRegen 0.33/turn    w - ring of flight
MPRegen 0.11/turn

%: no passive effects
@: sanguine armoured, flying
A: horns 2, foul stench 1, powered by death 2, hated by all, inability to train
armour, sanguine armour 2, clumsy 1, low MP 1, poison resistance
a: Renounce Religion, Draw Out Power


You were on level 10 of the Dungeon.
You worshipped Ru.
Ru was most pleased with you.
You visited 2 branches of the dungeon, and saw 12 of its levels.
You also visited: Sewer.

You collected 640 gold pieces.
You spent 160 gold pieces at shops.

Inventory:

Hand Weapons
 b - a +4 scimitar of flaming
 O - a +2 whip of electrocution
Armour
 c - an orb of light
 j - a +1 robe of fire resistance
 A - a +1 pair of gloves (worn)
 F - a +1 robe of willpower
 K - a +0 pair of boots (worn)
 L - +0 steam dragon scales (worn)
Jewellery
 i - a +4 ring of protection (left hand)
 m - a ring of protection from cold
 v - a ring of poison resistance
 w - a ring of flight (right hand)
 I - an amulet of the acrobat
 M - a +5 ring of evasion
Talismans
 f - a serpent talisman
 g - a maw talisman
Wands
 u - a wand of mindburst (5)
 y - a wand of flame (30) (quivered)
 C - a wand of acid (17)
 H - a wand of iceblast (21)
Scrolls
 h - a scroll of enchant armour
 n - a scroll of poison
 o - a scroll of identify
 t - 2 scrolls of blinking
 x - 2 scrolls of vulnerability
 z - a scroll of fog
 G - 3 scrolls of teleportation
 J - 4 scrolls of enchant weapon
Potions
 a - 3 potions of heal wounds
 d - a potion of cancellation
 e - 3 potions of ambrosia
 k - 3 potions of might
 l - 6 potions of curing
 p - a potion of resistance
 r - 2 potions of haste
 s - a potion of enlightenment
 B - a potion of attraction
 D - a potion of mutation
 N - a potion of berserk rage
Miscellaneous
 q - a tin of tremorstones (2/2)


   Skills:
 + Level 6.9 Fighting
 + Level 7.0 Dodging
 * Level 9.4 Unarmed Combat
 - Level 4.7 Evocations
 * Level 8.7 Shapeshifting


You had 10 spell levels left.
You didn't know any spells.
Your spell library contained the following spells:

 Spells                   Type           Power      Damage    Failure   Level
 Necrotise                Necr           0%         1d4       34%         1
 Sandblast                Erth           0%         2d4       34%         1
 Sting                    Conj/Alch      0%         1d3       34%         1
 Passwall                 Erth           0%         N/A       71%         3
 Stone Arrow              Conj/Erth      0%         3d7       71%         3
 Vampiric Draining        Necr           0%         2d6       71%         3
 Brom's Barrelling Bould  Conj/Erth      0%         2d3       98%         4
 Passage of Golubria      Tloc           0%         N/A       98%         4
 Curse of Agony           Necr           0%         N/A       100%        5
 Silence                  Hex/Air        0%         N/A       100%        5
 Lehudib's Crystal Spear  Conj/Erth      0%         10d2      100%        8
 Martyr's Knell           Necr/Summ      Unusable   N/A       N/A         4

Dungeon Overview and Level Annotations

Branches:
Dungeon (11/15)            Temple (1/1) D:7           Sewer (visited)
   Lair: D:8-11         Orc: D:9-12

Altars:
Ashenzari
Cheibriados
Dithmenos
Gozag
Kikubaaqudgha
Makhleb
Nemelex Xobeh
Okawaru
Qazlal
Ru
Sif Muna
Trog
Uskayaw
Vehumet
Wu Jian
Xom

Shops:
D:2 [*(*   D:7 *[   D:9 (

Annotations:
D:11 Lodul


Innate Abilities, Weirdness & Mutations

You have a pair of horns on your head.
You may rarely emit foul miasma when damaged in melee.
You regenerate health from kills.
You are hated by all.
You cannot train Armour skill.
When seriously injured, your blood forms thick armour. (AC +9)
You are clumsy. (Dex -2)
Your magical capacity is low. (-10% MP)
Your system is resistant to poisons. (rPois)


Message History

The ogre attacks as it pursues you! The ogre hits you with a +0 giant club!
The warg misses you.
Lodul begins to attack, but is stunned by your conviction!
The warg bites you!
* * * LOW HITPOINT WARNING * * *
Electricity crackles from Lodul's apparatus.
The bolt of lightning hits you.
* * * LOW HITPOINT WARNING * * *
The warg bites you.
* * * LOW HITPOINT WARNING * * *
You focus your inner power and illuminate the warg in retribution!
The warg barely misses you. The warg completely misses you.
The warg barely misses you. The warg attacks as it pursues you!
The warg completely misses you. The warg bites you!
* * * LOW HITPOINT WARNING * * *
The warg bites you but does no damage.
The warg stops glowing.
The warg barely misses you.
There is a stone staircase leading up, spattered with blood here.
The warg misses you.
You fly upwards.
There is a stone staircase leading down here.
You hit the warg but do no damage. The warg bites you.
* * * LOW HITPOINT WARNING * * *
The warg bites you but does no damage.
You punch the warg!
The warg is heavily wounded.
The warg bites you but does no damage.
You barely miss the warg.
You headbutt the warg, but do no damage.
The warg is heavily wounded.
The warg misses you. x2
You closely miss the warg.
The warg is heavily wounded.
The warg closely misses you.
You closely miss the warg. You headbutt the warg.
The warg is heavily wounded.
The warg bites you!
You die...

#.###########.#.###.#.....#
..##..........#.#.......#.#
#.............#.#...#.#.#.#
#.............#.#####.#.#.#
#.............#.......#.#.#
#..................#..#.#.#
.###......................#
...#######+#+#.###.#..#.#######
...............h@#.#..#.......#
##.#######.#.#.#.#.#..######.##
#......##.#...#.#.#..# #.#
######.##.#.###.#.#..### #.#
#.##.#<...........# #.#
######..#.#####.###..#.# #.#
#....##†#..............# #.#
#....##.#######.###########.#
#....'..........#...........#


You could see a warg.

Vanquished Creatures
  Erica (D:11)
  2 two-headed ogres (D:10)
  The ghost of spaghetti the Covert, a novice NaCK of Xom (D:9)
  Maggie (D:7)
  Psyche (D:10)
  Sigmund (D:2)
  2 wraiths
  2 wyverns
  11 yaks (D:10)
  Eustachio (D:5)
  2 steam dragons
  Edmund (D:5)
  An acid dragon (D:10)
  5 water moccasins (D:7)
  An ice beast (D:4)
  A black bear (D:6)
  An orc warrior (D:8)
  5 centaurs
  4 ogres
  2 wolves (D:11)
  A phantom (D:5)
  2 bullfrogs (Sewer)
  A kobold brigand (D:9)
  A scorpion (D:5)
  10 killer bees (D:9)
  An electric eel (D:10)
  3 howler monkeys
  A bombardier beetle (D:3)
  4 hounds
  4 jellies
  5 orc priests
  2 iguanas
  5 orc wizards
  2 sleepcaps
  Robin (D:2)
  13 adders
  7 gnolls
  A shadow imp (D:4)
  3 white imps
  2 ufetubi (D:5)
  2 ribbon worms
  11 dart slugs
  16 orcs
  17 ball pythons
  3 bats
  4 endoplasms (Sewer)
  12 giant cockroaches
  17 goblins
  13 hobgoblins
  8 jackals
  7 kobolds
  A quokka (D:4)
  9 frilled lizards
  4 rats
239 creatures vanquished.

Vanquished Creatures (others)
  A yak (D:10)
  An orc (D:8)
2 creatures vanquished.

Grand Total: 241 creatures vanquished

Notes
Turn   | Place    | Note
-------+----------+-------------------------------------------
     0 | D:1      | Gadfly the Demonspawn Monk began the quest for the Orb.
     0 | D:1      | Reached XP level 1. HP: 18/18 MP: 1/1
   108 | D:1      | Gained mutation: You have a pair of small horns on your
                  | head. [demonic ancestry]
   108 | D:1      | Reached XP level 2. HP: 24/24 MP: 2/2
   269 | D:1      | Reached skill level 1 in Evocations
   850 | D:2      | Found Lytt's Armour Emporium.
   853 | D:2      | Found Hiuh Pol's Assorted Antiques.
   861 | D:2      | Bought a yellow potion for 16 gold pieces
   884 | D:2      | You fall into a shaft and drop 1 floor!
   904 | D:3      | Reached skill level 1 in Shapeshifting
   915 | D:3      | Reached XP level 3. HP: 27/29 MP: 3/3
   920 | D:3      | Reached skill level 3 in Unarmed Combat
   929 | D:3      | Gained mutation: You regenerate a little health from kills.
                  | [demonic ancestry]
   929 | D:3      | Reached XP level 4. HP: 13/35 MP: 4/4
  1087 | D:2      | Found Ipsayhuva's General Store.
  1222 | D:2      | Noticed Sigmund
  1223 | D:2      | Noticed Robin
  1265 | D:2      | Killed Sigmund
  1266 | D:2      | Gained mutation: When seriously injured, your blood forms
                  | armour. (AC +9) [demonic ancestry]
  1266 | D:2      | Reached XP level 5. HP: 21/41 MP: 5/5
  1398 | D:2      | Found Adops's Weapon Emporium.
  1471 | D:2      | Killed Robin
  1472 | D:2      | Gained mutation: You may rarely emit foul miasma when
                  | damaged in melee. [demonic ancestry]
  1472 | D:2      | Reached XP level 6. HP: 32/47 MP: 6/6
  2487 | D:3      | Found a faded altar of an unknown god.
  2495 | D:3      | Got Plato's Anthology of Energy
  3341 | D:4      | Found an ornate altar of the Wu Jian Council.
  3384 | D:4      | Found a glowing drain.
  3395 | D:4      | Gained mutation: When seriously injured, your blood forms
                  | thick armour. (AC +9) [demonic ancestry]
  3395 | D:4      | Reached XP level 7. HP: 44/52 MP: 7/7
  3408 | Sewer    | Entered a sewer
  3698 | Sewer    | Reached skill level 4 in Unarmed Combat
  4281 | D:4      | Gained mutation: You regenerate health from kills. [demonic
                  | ancestry]
  4281 | D:4      | Reached XP level 8. HP: 42/58 MP: 8/8
  4776 | D:5      | Entered Level 5 of the Dungeon
  4898 | D:2      | Bought a scroll labelled RINGIACOSO for 18 gold pieces
  4898 | D:2      | Bought a scroll labelled BIOGA CINTUTS for 18 gold pieces
  5092 | D:5      | Noticed Edmund
  5105 | D:5      | Killed Edmund
  5106 | D:5      | Reached skill level 5 in Unarmed Combat
  5674 | D:5      | Noticed Eustachio
  5682 | D:5      | Reached skill level 5 in Shapeshifting
  5689 | D:5      | Killed Eustachio
  6075 | D:6      | Reached skill level 5 in Dodging
  6159 | D:6      | Reached skill level 6 in Unarmed Combat
  6159 | D:6      | Gained mutation: You have a pair of horns on your head.
                  | [demonic ancestry]
  6159 | D:6      | Reached XP level 9. HP: 65/66 MP: 9/9
  6643 | D:6      | Gained mutation: Your magical capacity is low. (-10% MP)
                  | [potion of mutation]
  6643 | D:6      | Gained mutation: Your system is resistant to poisons.
                  | (rPois) [potion of mutation]
  6643 | D:6      | Gained mutation: You are clumsy. (Dex -2) [potion of
                  | mutation]
  6793 | D:7      | Found Sitoahea's Armour Emporium.
  6805 | D:7      | Found a staircase to the Ecumenical Temple.
  6814 | D:7      | Noticed Maggie
  6830 | D:7      | Killed Maggie
  6835 | Temple   | Entered the Ecumenical Temple
  6958 | Temple   | Became a worshipper of Ru the Awakened
  6967 | Temple   | Gained mutation: You are hated by all. [Ru sacrifice]
  6967 | Temple   | Reached * piety under Ru
  6967 | Temple   | Reached ** piety under Ru
  7069 | D:7      | Found Gadwusoe's Serpentskin Sales.
  7075 | D:7      | Reached skill level 5 in Fighting
  7080 | D:7      | Reached skill level 7 in Unarmed Combat
  7089 | D:7      | Bought a scroll of poison for 52 gold pieces
  7964 | D:8      | Found a radiant altar of Vehumet.
  8807 | D:8      | Reached XP level 10. HP: 74/74 MP: 9/9
  8904 | D:9      | Found Bopt's Weapon Shop.
  9049 | D:9      | Gained mutation: You cannot train Armour skill. [Ru
                  | sacrifice]
  9049 | D:9      | Reached *** piety under Ru
  9087 | D:9      | Found a radiant altar of Vehumet.
  9114 | D:9      | Found a runed translucent gate.
  9114 | D:9      | Found a runed translucent gate.
  9115 | D:9      | Found a runed translucent gate.
  9115 | D:9      | Noticed spaghetti's ghost (novice NaCK)
  9770 | D:9      | Killed spaghetti's ghost
  9771 | D:9      | Reached skill level 8 in Unarmed Combat
 10177 | D:2      | Bought a scroll of identify for 28 gold pieces
 10178 | D:2      | Bought a scroll of identify for 28 gold pieces
 10338 | D:10     | Entered Level 10 of the Dungeon
 10382 | D:10     | Noticed a two-headed ogre
 10394 | D:10     | Killed a two-headed ogre
 10682 | D:10     | Noticed Psyche
 10688 | D:10     | Killed Psyche
 11128 | D:10     | Reached skill level 9 in Unarmed Combat
 11138 | D:10     | Reached XP level 11. HP: 47/83 MP: 9/9
 11196 | D:10     | Noticed a two-headed ogre
 11206 | D:10     | Killed a two-headed ogre
 11636 | D:11     | Noticed Erica
 11645 | D:11     | Killed Erica
 11701 | D:11     | Noticed Lodul
 11733 | D:10     | Slain by a warg

Illustrated notes

Levels and vault maps discovered:
D:1:      nicolae_arrival_washed_ashore, layout_loops_ring
D:2:      layout_basic, serial_shops, shop, shop,
          nicolae_shop_pleasant_corner_grove, nicolae_shop_just_a_little_nook,
          uniq_robin, uniq_sigmund
D:3:      layout_basic, shapermc_ecumenical_altar_rom_forum, minmay_checkerbox
D:4:      minmay_diamond_boxcup, layout_basic,
          mainiacjoe_overflow_large_starburst, gup_sewer_entry_glass,
          serial_aquarium, aquarium_bridge_straight [aquarium_subvault_bridge,
          aquarium_subvault_window, aquarium_subvault_bridge,
          aquarium_subvault_wall], aquarium_bridge_square
          [aquarium_subvault_balcony, aquarium_subvault_bridge,
          aquarium_subvault_bridge, aquarium_subvault_bridge],
          aquarium_window_1, aquarium_window_fake, aquarium_view_2b,
          aquarium_balcony_3a, corexii_leaking_fountain
D:5:      layout_basic, uniq_edmund, uniq_eustachio
D:6:      layout_basic
D:7:      layout_gridville, minmay_temple_entry_waves, minivault_26,
          hangedman_decor_growths, chequers_avenue, nicolae_take_the_stairs,
          guppyfry_shop_venom, uniq_maggie
D:8:      layout_basic, hangedman_feature_mirror
D:9:      layout_stronghold, vehumet_crystals,
          mainiacjoe_overflow_surrounded_room, ebering_ghost_rock_garden,
          serial_shops, shop, hangedman_decor_peaks_small,
          nicolae_concentric_dashed_squares_wild
D:10:     layout_basic, uniq_psyche
D:11:     layout_irregular_city, dpeg_oklobed_lair, minmay_orc_entry_guard_dogs,
          uniq_erica, uniq_nergalle, uniq_lodul, uniq_snorg
Temple:   nicolae_temple_two_arcs

Skill      XL: |  1  2  3  4  5  6  7  8  9 10 11 |
---------------+----------------------------------+-----
Evocations     | 1 2 3 4 |  4.7
Shapeshifting  | 1 2 3 4 5 6 8 |  8.7
Dodging        | 3 4 5 6 7 |  7.0
Unarmed Combat | 3 4 6 7 9 |  9.4
Fighting       | 4 5 6 |  6.9

Action                     |  1- 3 |  4- 6 |  7- 9 | 10-12 || total
---------------------------+-------+-------+-------+-------++-------
  Melee: Unarmed           |    62 |    87 |   221 |   239 ||   609
         Headbutt          |    12 |    33 |    93 |    73 ||   211
         Whip              |       |    64 |   213 |    15 ||   292
 Invoke: Sacrifice Love    |       |       |     1 |       ||     1
         Sacrifice Durabil |       |       |       |     1 ||     1
  Evoke: Wand              |       |       |     4 |     1 ||     5
    Use: Scroll            |     6 |     5 |     5 |     6 ||    22
         Potion            |       |     1 |     4 |     1 ||     6
   Stab: Distracted        |       |       |       |     1 ||     1
 Armour: Robe              |    24 |    92 |   283 |       ||   399
         Steam dragon scal |       |       |    15 |   180 ||   195
         Skin              |       |       |       |     4 ||     4
  Dodge: Dodged            |    31 |    93 |   332 |   194 ||   650
